 Dungeon Crawl Stone Soup version 0.18-a0-1745-gffa9a88 (webtiles) character file.

194 dobroeutro the Shield-Bearer (level 5, 0/33 HPs)
             Began as a Gargoyle Fighter on Apr 11, 2016.
             Slain by Sagrath01's ghost (5 damage)
             ... on level 4 of the Dungeon.
             The game lasted 00:05:13 (2241 turns).

dobroeutro the Shield-Bearer (Gargoyle Fighter)     Turns: 2241, Time: 00:05:14

Health: 0/33       AC: 11    Str: 25 (27) XL:     5   Next: 73%
Magic:  5/5        EV:  8    Int:  7 (9)  God:
Gold:   122        SH: 10    Dex:  6 (9)  Spells: 0 memorised, 4 levels left

rFire  . . .     SeeInvis .     a - +0 flail
rCold  . . .     Gourm    .     b - +0 scale mail
rNeg   + . .     Faith    .     c - +1 shield
rPois  ∞         Spirit   .     i - +0 hat
rElec  +         Dismiss  .     (no cloak)
rCorr  .         Reflect  .     (no gloves)
SustAt .         Harm     .     (no boots)
MR     .....                    (no amulet)
Stlth  ..........               (no ring)
                                l - +2 ring of strength

@: mighty, flying, not resistant to hostile enchantments, extremely unstealthy
A: negative energy resistance 1, electricity resistance, unbreathing,
petrification resistance, rot immunity, AC +4
a: no special abilities


You were on level 4 of the Dungeon.
You were hungry.

You visited 1 branch of the dungeon, and saw 4 of its levels.

You collected 122 gold pieces.

Inventory:

Hand Weapons
 a - a +0 flail (weapon)
Missiles
 n - 2 steel tomahawks (quivered)
Armour
 b - a +0 scale mail (worn)
 c - a +1 shield (worn)
 i - a +0 hat (worn)
Jewellery
 l - a +2 ring of strength (left hand)
Scrolls
 g - a scroll of enchant armour
 m - a scroll of identify
 o - a scroll of teleportation {unknown}
 s - 4 scrolls of remove curse {unknown}
Potions
 e - 2 potions of brilliance
 j - a potion of degeneration
 k - 2 potions of flight
 t - a potion of curing {unknown}
Comestibles
 f - 3 bread rations
 h - 8 chunks of flesh
 p - a royal jelly
 u - 2 meat rations


   Skills:
 + Level 4.0 Fighting
 + Level 3.1 Maces & Flails
 + Level 4.2 Armour
 - Level 1.0 Dodging
 + Level 4.8 Shields


You had 4 spell levels left.
You didn't know any spells.

Dungeon Overview and Level Annotations

Branches:
Dungeon (4/15)
 Temple: D:4-7

Altars:

Portals:
Sewer: D:4

Annotations:
D:4 Sagrath01's ghost, novice DsGl


Innate Abilities, Weirdness & Mutations

You are resistant to torment.
Your stone body is resilient (AC +4).
You are immune to poison.
You resist negative energy.
You are resistant to electric shocks.
You can survive without breathing.
You are immune to petrification.
You are immune to rotting.


Message History

You hit Sagrath01's ghost.
Sagrath01's ghost is moderately damaged.
Sagrath01's ghost hits you.
* * * LOW HITPOINT WARNING * * *
You are too injured to fight recklessly!
Drink which item? (? for menu, Esc to quit)
It was a potion of flight.
You feel very buoyant.
You fly up into the air.
Sagrath01's ghost hits you but does no damage.
Drink which item? (? for menu, Esc to quit)
It was a potion of degeneration.
There was something very wrong with that liquid.
You feel weakened.
You feel dopey.
You feel clumsy. You block Sagrath01's ghost's attack.
Drink which item? (? for menu, Esc to quit)
It was a potion of magic.
Magic courses through your body.
The rat twitches its whiskers.
Sagrath01's ghost hits you.
You die...

#####......# #..........#
#..........# #...≈≈≈....#
##..≈≈≈≈≈...#
****###...≈≈∩≈≈...####
*,,,......≈≈≈≈≈.......
####+######...≈≈≈....###*
#.......@Wrr............#
#.......###.........##.##
#.......####.........#,#*
#.......W....#######.#.#*
#......#############.#.##
#.........W...>.......,.,
##############.#####.#.#*
#.<...#.#####.#.#,
#.#.#.#....W....+,


You could see Sagrath01's ghost, a river rat and a rat.

Vanquished Creatures
  An ogre (D:4)
  A giant frog skeleton (D:4)
  2 adders (D:2)
  A worm (D:3)
  2 dart slugs (D:1)
  A giant gecko (D:1)
  An orc (D:3)
  A ball python (D:3)
  3 giant cockroaches
  5 goblins
  6 hobgoblins
  9 jackals
  6 bats
  4 giant newts
  5 kobolds
  6 rats
54 creatures vanquished.

Notes
Turn   | Place    | Note
--------------------------------------------------------------
     0 | D:1      | dobroeutro the Gargoyle Fighter began the quest for the Orb.
     0 | D:1      | Reached XP level 1. HP: 14/14 MP: 1/1
   351 | D:1      | Reached XP level 2. HP: 19/19 MP: 2/2
   835 | D:2      | Reached XP level 3. HP: 23/23 MP: 3/3
  1327 | D:2      | Reached skill level 1 in Dodging
  1327 | D:2      | Reached XP level 4. HP: 21/28 MP: 4/4
  2155 | D:4      | Noticed an ogre
  2167 | D:4      | Killed an ogre
  2167 | D:4      | Reached XP level 5. HP: 33/33 MP: 5/5
  2176 | D:4      | Noticed Sagrath01's ghost (novice DsGl)
  2201 | D:4      | Found a glowing drain.
  2241 | D:4      | Slain by Sagrath01's ghost

Vault maps used:
D:1:      scummos_arrival_star
D:2:      first_bread
D:4:      grunt_temple_overflow_open, portal_sewer_entry_a,
          minmay_misc_feat_room, uniq_blork_the_orc

Skill      XL: |  1  2  3  4  5 |
---------------+----------------+-----
Dodging        | 1 |  1.0
Shields        | 4 |  4.8
Maces & Flails | 3 |  3.1
Armour         | 4 |  4.2
Fighting       | 4 |  4.0

Action                   |  1- 3 |  4- 6 || total
-------------------------+-------+-------++-------
Melee: Flail             |   128 |    95 ||   223
  Use: Scroll            |       |     5 ||     5
       Potion            |       |     4 ||     4
  Eat: Chunk             |     2 |     2 ||     4
